 Dungeon Crawl Stone Soup version 0.28-a0-313-gbc0475efdd (webtiles) character file.

Game seed: 17436712015385282761

97 Raptoricus the Skirmisher (level 4, 0/40 HPs)
             Began as a Draconian Berserker on Aug 31, 2021.
             Was a Believer of Trog.
             Slain by an orc (4 damage)
             ... on level 3 of the Dungeon.
             The game lasted 00:05:41 (2832 turns).

Raptoricus the Skirmisher (Draconian Berserker)     Turns: 2832, Time: 00:05:42

Health: 0/40       AC:  5    Str: 20    XL:     4   Next: 42%
Magic:  4/4        EV: 12    Int:  8    God:    Trog [**....]
Gold:   40         SH:  0    Dex: 10    Spells: 3/3 levels left

rFire   . . .      SeeInvis .   a - +0 hand axe
rCold   + . .      Faith    .   (no shield)
rNeg    . . .      Spirit   .   (armour unavailable)
rPois   .          Reflect  .   (helmet restricted)
rElec   .          Harm     .   (no cloak)
rCorr   .          Rampage  .   (no gloves)
Will    ++...                   (no boots)
Stlth   +.........              (no amulet)
HPRegen 1.13/turn               c - ring of protection from cold
MPRegen 0.09/turn               (no ring)

@: strong-willed, on berserk cooldown, regenerating, slowed, very slow
A: AC +5, unfitting armour, cold-blooded
a: Renounce Religion, Berserk, Trog's Hand


You were on level 3 of the Dungeon.
You worshipped Trog.
Trog was pleased with you.
You visited 1 branch of the dungeon, and saw 3 of its levels.

You collected 40 gold pieces.

Inventory:

Hand Weapons
 a - a +0 hand axe (weapon)
Missiles
 b - 15 stones (quivered)
Armour
 g - a scarf of harm
 h - a scarf of shadows
Jewellery
 c - a ring of protection from cold (left hand)
 n - a +6 ring of dexterity
Scrolls
 d - 2 scrolls of enchant weapon {unknown}
 e - 2 scrolls of identify
 f - 2 scrolls of enchant armour {unknown}
 j - a scroll of blinking {unknown}
 k - a scroll of fear {unknown}
Potions
 i - a potion of berserk rage {unknown}
 l - a potion of might {unknown}


   Skills:
 + Level 4.1 Fighting
 + Level 4.1 Axes
 + Level 0.1 Throwing
 + Level 3.2 Dodging
 + Level 0.7 Stealth


You had 3 spell levels left.
You didn't know any spells.
Your spell library was empty.

Dungeon Overview and Level Annotations

Branches:
Dungeon (3/15)

Altars:
Kikubaaqudgha


Innate Abilities, Weirdness & Mutations

Your plain brown scales are hard. (AC +5)
You cannot fit into any form of body armour.
You are cold-blooded and may be slowed by cold attacks.


Message History

You hit the bullfrog zombie.
The bullfrog zombie is almost destroyed.
The bullfrog zombie closely misses you.
The orc shouts!
You hear a shout!
An orc comes into view. It is wielding a +0 hand axe.
The bullfrog zombie hits you.
* * * LOW HITPOINT WARNING * * *
The orc moves out of view.
A red film seems to cover your vision as you go berserk!
You feel yourself moving faster!
You feel mighty! The bullfrog zombie hits you.
* * * LOW HITPOINT WARNING * * *
You slash the bullfrog zombie!
You destroy the bullfrog zombie!
Trog accepts your kill.
Your Axes skill increases to level 4!
An orc comes into view.
It is wielding a +0 club and wearing a +2 scale mail of poison resistance.
You feel a strong urge to attack something.
You feel your anger nearly subside.
You are no longer berserk.
You are exhausted.
You feel yourself slow down.
You start resting.
An orc is nearby!
An orc is nearby!
Throw: throwing net
Press: ? - help, Q - select action, (/) - cycle Shift-Dir - straight line, f - orc
Aim: an orc, wielding a +0 flail (57% to hit)
You throw a throwing net.
The throwing net closely misses the orc.
Your skin crawls.
You feel strong-willed.
You barely miss the orc. The orc barely misses you.
The orc hits you with a +0 flail!
* * * LOW HITPOINT WARNING * * *
You barely miss the orc. You tail-slap the orc.
The orc is lightly wounded.
The orc hits you with a +0 flail.
* * * LOW HITPOINT WARNING * * *
The orc hits you with a +0 flail.
You die...

# #. #.# #.# ♣♣
#.#### o .♣## ##...#
. .♣.###@##.# ♣o
.♣#.#o###.# ♣.♣
♣♣.♣##o## #.# ..♣♣..
#.# #.# ♣.♣.♣ #.# #.#
♣...♣ ♣♣.# #.#
♣.∩.♣♣♣.♣# #.# .
..♣♣.^.♣..(♣ #.#####
.
♣........♣♣####...>.#


You could see 2 orcs.

Vanquished Creatures
  A bullfrog zombie (D:3)
  3 adders
  A worm (D:3)
  2 orcs
  2 ball pythons (D:1)
  3 endoplasms
  2 giant cockroaches
  4 goblins (D:1)
  A hobgoblin (D:2)
  5 quokkas
  4 bats
  A frilled lizard (D:1)
  6 kobolds
  4 rats
39 creatures vanquished.

Notes
Turn   | Place    | Note
-------+----------+-------------------------------------------
     0 | D:1      | Raptoricus the Draconian Berserker began the quest for the
                  | Orb.
     0 | D:1      | Reached XP level 1. HP: 19/19 MP: 1/1
   430 | D:1      | Reached XP level 2. HP: 23/26 MP: 2/2
  1379 | D:2      | Found an ancient bone altar of Kikubaaqudgha.
  1431 | D:2      | Reached XP level 3. HP: 30/33 MP: 3/3
  1661 | D:2      | Reached ** piety under Trog
  2729 | D:3      | Reached XP level 4. HP: 40/40 MP: 4/4
  2794 | D:3      | Found a faded altar of an unknown god.
  2832 | D:3      | Slain by an orc

Illustrated notes

Levels and vault maps discovered:
D:1:      wander_arrival_peaceful_grave, layout_basic, minmay_misc_feat_five,
          minmay_misc_feat_x
D:2:      layout_basic, basic_altar
D:3:      layout_loops_ring, shapermc_ecumenical_altar_totnotflames

Skill      XL: |  1  2  3  4 |
---------------+-------------+-----
Dodging        | 3 |  3.2
Fighting       | 4 |  4.1
Axes           | 4 |  4.1
Throwing       | |  0.1
Stealth        | |  0.7

Action                   |  1- 3 |  4- 6 || total
-------------------------+-------+-------++-------
Melee: Hand axe          |   146 |    11 ||   157
       Tailslap          |    20 |     2 ||    22
Throw: Stone             |    13 |       ||    13
       Throwing net      |     2 |     1 ||     3
Invok: Berserk           |     1 |     1 ||     2
       Trog's Hand       |       |     1 ||     1
  Use: Scroll            |     4 |       ||     4
       Potion            |     2 |       ||     2
 Stab: Sleeping          |     1 |       ||     1
       Held in net/web   |     1 |       ||     1
Armor: Skin              |    50 |     2 ||    52
Dodge: Dodged            |   105 |     5 ||   110

Table legend: (Time is in decaauts)
 A = Elapsed time spent in this place.
 B = Non-inter-level travel time spent in this place.
 C = Inter-level travel time spent in this place.
 D = Time resting spent in this place.
 E = Time spent auto-exploring this place.
 F = Levels seen in this place.
 G = Mean time per level.
                   A        B        C        D        E       F      G
               +--------+--------+--------+--------+--------+-----+--------+
         Total |   2871 |   2796 |     75 |    323 |   1850 |   3 |  957.0 |
       Dungeon |   2871 |   2796 |     75 |    323 |   1850 |   3 |  957.0 |
               +--------+--------+--------+--------+--------+-----+--------+

Top non-repeatable levels by time:
     D:2: 992 daAuts
     D:1: 972 daAuts
     D:3: 907 daAuts
